 Seeded DCSS version 0.28-a0-1429-gf3d713df7a (webtiles) character file.

Game seed: 9420282141056910719 (custom seed)

509385 flotson the Warrior (level 23, -2/189 HPs)
             Began as a Demonspawn Gladiator on Jan 8, 2022.
             Was an Initiate of Gozag.
             Slain by an iron golem (16 damage)
             ... on level 4 of a ziggurat.
             The game lasted 02:27:29 (66986 turns).

flotson the Warrior (Demonspawn Gladiator)         Turns: 66986, Time: 02:27:31

Health: -2/189     AC: 40    Str: 30    XL:     23   Next: 57%
Magic:  0/43       EV: 22    Int: 10    God:    Gozag
Gold:   11075      SH: 15    Dex: 19    Spells: 0/36 levels left

rFire   + . .      SeeInvis .   a - +8 demon blade "Leech" {vamp, Harm Drain rN+}
rCold   + . .      Faith    .   T - +0 kite shield {reflect}
rNeg    + . .      Spirit   +   c - +13 plate armour "Ifidyal" {+Blink rElec Will+}
rPois   +          Reflect  +   (helmet unavailable)
rElec   +          Harm     +   W - scarf {shadows}
rCorr   +          Rampage  .   J - +2 pair of gloves {Dex+3}
Will    ++...                   C - +1 pair of boots {Fly}
Stlth   ..........              Y - amulet of Ascent {Spirit Harm rF+ rCorr}
HPRegen 0.41/turn               i - ring of the Oligarchy {rElec rPois MP+9 Str+6}
MPRegen 0.28/turn               F - ring of wizardry

@: mighty, agile, flying, studying Throwing
A: horns 3, icy blue scales 3, powered by pain 2, black mark, demonic magic 3,
bedeviling, aura of silence, mutation resistance 1
}: 4/15 runes: decaying, slimy, silver, gossamer
a: Renounce Religion, Evoke Blink, Potion Petition, Call Merchant, Bribe Branch


You were on level 4 of a ziggurat.
You worshipped Gozag.
Gozag was extremely pleased with you.
You visited 10 branches of the dungeon, and saw 47 of its levels.
You visited the Abyss 3 times.
You visited 1 bazaar.
You visited 1 ziggurat, and saw 4 of its levels.
You also visited: Ice Cave.

You collected 23704 gold pieces.
You spent 4491 gold pieces at shops.
You paid 8138 gold pieces to Gozag.

Inventory:

Hand Weapons
 a - the +8 demon blade "Leech" (weapon) {vamp, Harm Drain rN+}
   (You found it on level 10 of the Dungeon)

   It heals its wielder for a portion of the damage dealt every time it strikes
   a living foe.
   rN:        It protects you from negative energy.
   Drain:     It drains your maximum health when unequipped.
   Harm:      It increases damage dealt and taken.
Missiles
 d - 2 throwing nets
 n - 28 atropa-tipped darts
 o - 23 javelins (quivered)
 Q - 14 curare-tipped darts
 R - 12 silver javelins
Armour
 c - the +13 plate armour "Ifidyal" (worn) {+Blink rElec Will+}
   (You found it on level 5 of the Vaults)

   rElec:     It insulates you from electricity.
   +Blink:    It lets you blink.
   Will:      It increases your willpower.
 C - a +1 pair of boots of flying (worn)
 J - a +2 pair of gloves of dexterity (worn)
 L - the +8 orange crystal plate armour {Archmagi, Int+3 Clar}
   (You found it on level 9 of the Dungeon)

   Int:       It affects your intelligence (+3).
   Clar:      It protects you against confusion.
 T - a +0 kite shield of reflection (worn)
 W - a scarf of shadows (worn)
Jewellery
 i - the ring of the Oligarchy (left hand) {rElec rPois MP+9 Str+6}
   (You found it on level 5 of the Vaults)

   [ring of poison resistance]

   Str:       It affects your strength (+6).
   rElec:     It insulates you from electricity.
   rPois:     It protects you from poison.
   MP:        It affects your magic capacity (+9).
 s - a +4 ring of evasion
 F - a ring of wizardry (right hand)
 Y - the amulet of Ascent (around neck) {Spirit Harm rF+ rCorr}
   (You found it on level 5 of the Vaults)

   [amulet of guardian spirit]

   It causes incoming damage to be divided between your reserves of health and
   magic.
   rF:        It protects you from fire.
   rCorr:     It protects you from acid and corrosion.
   Harm:      It increases damage dealt and taken.
Wands
 b - a wand of acid (25)
 g - a wand of digging (13)
 p - a wand of polymorph (21)
 t - a wand of mindburst (8)
 y - a wand of iceblast (34)
 S - a wand of paralysis (45)
 X - a wand of charming (28)
Scrolls
 l - 11 scrolls of magic mapping
 m - 7 scrolls of teleportation
 u - 4 scrolls of holy word
 v - 5 scrolls of immolation
 x - 2 scrolls of enchant armour
 z - 5 scrolls of blinking
 D - 4 scrolls of torment
 E - 9 scrolls of fear
 H - 8 scrolls of fog
 K - 6 scrolls of silence
 P - 5 scrolls of vulnerability
 V - 3 scrolls of summoning
Potions
 f - 4 potions of resistance
 h - 3 potions of lignification
 j - 8 potions of might
 k - 17 potions of curing
 q - 4 potions of attraction
 r - 7 potions of haste
 A - 6 potions of mutation
 B - 7 potions of ambrosia
 I - 5 potions of invisibility
 M - 5 potions of cancellation
 O - a potion of heal wounds
Miscellaneous
 e - a piece from Xom's chessboard (15/15)
 w - a phial of floods
 G - a tin of tremorstones (2/2)
 N - a lightning rod (4/4)
 U - a box of beasts


   Skills:
 + Level 17.7 Fighting
 - Level 14.0 Long Blades
 - Level 6.1 Axes
 - Level 13.7 Throwing
 + Level 16.3 Armour
 + Level 16.5 Dodging
 + Level 16.1 Shields
 + Level 7.4 Spellcasting
 + Level 4.8 Hexes
 + Level 6.9 Summonings
 + Level 1.9 Translocations
 + Level 2.0 Earth Magic
 - Level 13.9 Evocations


You couldn't memorise any spells.
You knew the following spells:

 Your Spells              Type           Power      Damage    Failure   Level
a - Animate Armour        Summ/Erth      24%        N/A       65%         4
b - Summon Forest         Summ/Tloc      6%         N/A       92%         5
c - Summon Mana Viper     Hex/Summ       23%        N/A       80%         5
d - Summon Cactus Giant   Summ           8%         N/A       99%         6
e - Summon Guardian Gole  Hex/Summ       23%        N/A       16%         3
f - Call Canine Familiar  Summ           17%        N/A       11%         3
g - Summon Small Mammal   Summ           68%        N/A       3%          1
h - Call Imp              Summ           17%        N/A       5%          2
i - Summon Hydra          Summ           8%         N/A       100%        7

Your spell library contained the following spells:

 Spells                   Type           Power      Damage    Failure   Level
 Tukima's Dance           Hex            20%        N/A       24%         3
 Apportation              Tloc           14%        N/A       26%         1
 Sandblast                Erth           14%        2d6       26%         1
 Blink                    Tloc           14%        N/A       38%         2
 Beastly Appendage        Tmut           6%         N/A       50%         1
 Foxfire                  Conj/Fire      12%        2x1d4     50%         1
 Magic Dart               Conj           12%        1d3       50%         1
 Shock                    Conj/Air       12%        1d3       50%         1
 Passwall                 Tmut/Erth      4%         N/A       50%         2
 Dazzling Flash           Conj/Hex       24%        N/A       52%         3
 Lesser Beckoning         Tloc           7%         N/A       58%         3
 Cause Fear               Hex            10%        N/A       58%         4
 Corpse Rot               Necr/Air       6%         N/A       63%         2
 Scorch                   Fire           6%         2d5       63%         2
 Searing Ray              Conj           6%         2d4       63%         2
 Static Discharge         Conj/Air       3%         N/A       63%         2
 Sublimation of Blood     Necr           3%         N/A       63%         2
 Wereblood                Tmut           3%         N/A       63%         2
 Stone Arrow              Conj/Erth      10%        3d7       71%         3
 Leda's Liquefaction      Hex/Erth       7%         N/A       78%         4
 Summon Ice Beast         Ice/Summ       10%        N/A       78%         4
 Summon Lightning Spire   Summ/Air       10%        N/A       78%         4
 Conjure Flame            Conj/Fire      3%         6-21      85%         3
 Ignite Poison            Fire/Tmut/Pois 3%         N/A       85%         3
 Mephitic Cloud           Conj/Pois/Air  3%         N/A       85%         3
 Spider Form              Tmut/Pois      3%         N/A       85%         3
 Swiftness                Air            3%         N/A       85%         3
 Fulminant Prism          Conj/Hex       6%         3d7       89%         4
 Passage of Golubria      Tloc           7%         N/A       92%         4
 Iskenderun's Mystic Bla  Conj/Tloc      5%         2d3       98%         4
 Petrify                  Tmut/Erth      5%         N/A       98%         4
 Airstrike                Air            1%         N/A       99%         4
 Dispel Undead            Necr           3%         3d7       99%         4
 Flame Wave               Conj/Fire      3%         2d4       99%         4
 Hailstorm                Conj/Ice       3%         3d3       99%         4
 Ice Form                 Ice/Tmut       3%         N/A       99%         4
 Sticky Flame             Conj/Fire      3%         2d3       99%         4
 Lee's Rapid Deconstruct  Erth           3%         3d6*      99%         5
 Manifold Assault         Tloc           7%         N/A       99%         5
 Metabolic Englaciation   Hex/Ice        6%         N/A       99%         5
 Silence                  Hex/Air        6%         N/A       99%         5
 Yara's Violent Unravell  Hex/Tmut       6%         3d5       99%         5
 Agony                    Necr           3%         N/A       100%        5
 Alistair's Intoxication  Tmut/Pois      2%         N/A       100%        5
 Blade Hands              Tmut           1%         N/A       100%        5
 Excruciating Wounds      Necr           1%         N/A       100%        5
 Fireball                 Conj/Fire      1%         3d3       100%        5
 Irradiate                Conj/Tmut      1%         3d14      100%        5
 Iskenderun's Battlesphe  Conj           3%         2d6       100%        5
 Conjure Ball Lightning   Conj/Air       1%         3x3d6     100%        6
 Death Channel            Necr           1%         N/A       100%        6
 Iron Shot                Conj/Erth      2%         9d2       100%        6
 Simulacrum               Ice/Necr       1%         N/A       100%        6
 Statue Form              Tmut/Erth      3%         N/A       100%        6
 Dragon Form              Tmut           1%         N/A       100%        7
 Haunt                    Necr/Summ      5%         N/A       100%        7
 Malign Gateway           Summ/Tloc      6%         N/A       100%        7
 Orb of Destruction       Conj           1%         N/A       100%        7
 Storm Form               Tmut/Air       1%         N/A       100%        7
 Borgnjor's Revivificati  Necr           1%         N/A       100%        8
 Discord                  Hex            10%        N/A       100%        8
 Disjunction              Tloc           3%         N/A       100%        8
 Ignition                 Fire           1%         3d3       100%        8
 Maxwell's Capacitive Co  Air            1%         ∞         100%        8
 Necromutation            Tmut/Necr      1%         N/A       100%        8
 Chain Lightning          Conj/Air       1%         3d2       100%        9
 Death's Door             Necr           1%         N/A       100%        9
 Dragon's Call            Summ           8%         N/A       100%        9


Dungeon Overview and Level Annotations

Branches:
Dungeon (15/15)            Temple (1/1) D:4            Lair (6/6) D:10
  Swamp (4/4) Lair:2       Spider (4/4) Lair:2        Slime (5/5) Lair:6
    Orc (2/2) D:9             Elf (3/3) Orc:2        Vaults (5/5) D:14
  Crypt (0/3) Vaults:2     Depths (2/4) D:15          IceCv (visited)

Altars:
Ashenzari
Cheibriados
Dithmenos
Elyvilon
Fedhas
Gozag
Kikubaaqudgha
Makhleb
Nemelex Xobeh
Okawaru
Qazlal
Ru
Sif Muna
Trog
Uskayaw
Vehumet
Wu Jian
Yredelemnul
Zin
The Shining One
Beogh
Jiyva

Shops:
D:8 *   D:9 *   D:13 *   Orc:2 [*?((:[*=   Elf:1 :=:   Elf:2 (   Slime:5 :
Depths:2 [

Portals:
Hell: Depths:1
Pandemonium: Depths:1 Depths:2


Innate Abilities, Weirdness & Mutations

You have a pair of large horns on your head.
You are completely covered in icy blue scales. (AC +4, rC+)
You sometimes gain power by taking damage.
Your melee attacks may debilitate your foes.
Spells you cast and wands you use may paralyse nearby enemies.
Your hexes are more powerful.
You are surrounded by an aura of silence.
You are somewhat resistant to further mutation.


Message History

You feel very mighty all of a sudden.
You feel your power leaking away.
The tormentor calls on the powers of darkness!
Your body is wracked with pain!
You focus on the pain.
You feel agile all of a sudden.
You are too injured to fight recklessly!
Unknown command.
You are too injured to fight recklessly!
Unknown command.
You are too injured to fight recklessly!
Unknown command.
You are too injured to fight recklessly!
Unknown command.
Press: ? - help, v - describe, . - travel The floor, spattered with blood.
You blink.
The tormentor calls on the powers of darkness!
Your body is wracked with pain!
* * * LOW HITPOINT WARNING * * *
The quicksilver elemental hits you!
* * * LOW HITPOINT WARNING * * *
You feel your power leaking away. You block the tormentor's attack.
The tormentor hits you but does no damage.
The quicksilver elemental hits you.
* * * LOW HITPOINT WARNING * * *
You feel your power leaking away.
There is a gate leading back out of this place here.
You see here a wand of paralysis (8).
The quicksilver elemental hits you but does no damage.
You block the iron golem's attack. x2
There is a stone staircase leading down here.
You see here the +7 quarterstaff of the Volcano {protect, rElec rPois rN+}.
The quicksilver elemental breathes dispelling energy at you.
The bolt of dispelling energy hits you!!
Your magical effects are unravelling.
* * * LOW HITPOINT WARNING * * *
The iron golem hits you!
You die...
Your body crumbles into a pile of gold.

▓▓▓▓▓▓▓▓▓
▓.......▓
▓▓▓.......▓▓▓
▓...........▓
▓??.........▓
▓∩[}........▓
▓@1).......∩▓
▓∩9?........▓
▓2E.........▓
▓...........▓
▓▓▓.......▓▓▓
▓.......▓
▓▓▓▓▓▓▓▓▓


You could see an iron golem, a Hell Sentinel (unsilenced), a quicksilver
elemental and a tormentor.

Vanquished Creatures
  the Royal Jelly (Slime:5)
  A Killer Klown (Zig:3)
  2 golden dragons (Vaults:5)
  Jorgrun (D:9)
  An Ice Fiend (IceCv)
  2 tentacled monstrosities
  A lich (Abyss:2)
  A titan (Vaults:5)
  2 quicksilver dragons (Vaults:5)
  A deep elf master archer (Elf:3)
  Asterion (Vaults:1)
  25 acid blobs
  An ancient champion (Vaults:2)
  2 deep elf blademasters
  4 tentacled starspawn (Abyss:2)
  Frances (Spider:2)
  5 sphinxes
  A tengu reaver (Depths:2)
  9 shadow dragons
  16 azure jellies
  4 fire giants
  3 thorn hunters
  A fenstrider witch (shapeshifter) (Vaults:5)
  2 storm dragons
  11 rockslimes
  A daeva (Zig:1)
  3 emperor scorpions
  8 frost giants
  Aizul (Vaults:3)
  9 deep elf sorcerers
  6 deep elf elementalists
  4 iron dragons
  16 vault wardens
  5 ghost moths
  A balrug (Depths:1)
  20 very ugly things
  17 quicksilver oozes
  10 stone giants
  A broodmother (Spider:4)
  3 war gargoyles
  4 ironbound thunderhulks
  An ophan (Abyss:2)
  18 ironbound preservers
  3 eleionomae
  10 deep elf annihilators
  8 deep elf demonologists
  4 entropy weavers
  13 spark wasps
  A wendigo (Zig:2)
  11 dire elephants
  3 bunyips
  An eidolon (Vaults:2)
  A crystal guardian (Vaults:1)
  8 deep elf death magi
  8 ettins
  3 deep elf high priests (Elf:3)
  11 yaktaur captains
  2 great orbs of eyes (shapeshifter) (Vaults:5)
  4 rakshasas
  29 vault guards
  A spriggan air mage (Swamp:3)
  10 great orbs of eyes
  4 fire dragons
  7 ice dragons
  5 boulder beetles
  2 jorogumos
  3 radroaches
  A caustic shrike simulacrum (IceCv)
  A hell beast (Depths:2)
  A peacekeeper (Vaults:1)
  5 ogre magi
  A catoblepas (D:13)
  23 hydras
  Erica (Orc:1)
  6 two-headed ogres
  10 centaur warriors
  2 death knights
  5 ironbound frosthearts
  2 naga warriors (Abyss:2)
  3 ghost crabs
  7 alligators
  A tengu warrior (Depths:2)
  6 death yaks
  3 deep troll shamans (Depths:1)
  3 deep troll earth magi (Vaults:5)
  147 slime creatures
  5 thrashing horrors (Abyss:2)
  4 spriggan berserkers
  Urug (Orc:1)
  17 deep elf knights
  10 pharaoh ants
  An iron troll (Vaults:5)
  3 soul eaters
  5 wretched stars (Abyss:2)
  4 goliath frogs
  An anaconda zombie (Abyss:2)
  2 sun moths (Spider:3)
  3 skeletal warriors (D:15)
  8 swamp dragons
  A spatial maelstrom (Abyss:2)
  A glowing orange brain (shapeshifter) (Abyss:2)
  3 steelbarb worms
  3 glowing orange brains
  53 deep trolls
  4 spriggan druids
  3 sixfirhies
  3 starcursed masses (Abyss:2)
  An orange crystal statue (Elf:1)
  8 lindwurms
  9 deep elf archers
  7 spriggan simulacra (IceCv)
  19 orb spiders
  An obsidian statue (IceCv)
  10 bog bodies
  3 phantasmal warriors
  5 harpies (Vaults:1)
  4 necromancers
  An orc knight (Orc:2)
  27 deep elf pyromancers
  10 wizards
  17 ironbound convokers
  10 orc sorcerers
  2 cyclopes
  25 wolf spiders
  63 ugly things
  23 deep elf zephyrmancers
  9 shining eyes
  5 oklob plants
  2 manticores
  2 worldbinders (Abyss:2)
  A moth of wrath (Spider:2)
  5 will-o-the-wisps
  A salamander (D:15)
  2 guardian serpents
  An ice statue (Vaults:1)
  17 vault sentinels
  An apocalypse crab (Zig:3)
  6 elephants
  A titan simulacrum (Abyss:2)
  2 smoke demons (Abyss:2)
  3 rust devils
  8 black mambas
  5 torpor snails
  2 gargoyles (D:12)
  An eye of devastation (Slime:4)
  18 cane toads
  6 demonic crawlers
  An unseen horror (D:12)
  6 rime drakes
  A yaktaur (shapeshifter) (D:13)
  Psyche (D:11)
  A dire elephant skeleton (Abyss:2)
  2 tengu conjurers
  5 freezing wraiths
  31 yaktaurs
  7 komodo dragons
  A golden dragon simulacrum (IceCv)
  10 ice devils
  A tormentor (Zig:2)
  An anaconda simulacrum (IceCv)
  An efreet (D:13)
  9 entropy weaver simulacra (IceCv)
  A kobold demonologist (D:14)
  2 trolls
  3 polar bears
  5 ancient zymes (Abyss:2)
  A red devil (Depths:1)
  12 meliai
  A queen bee (shapeshifter) (D:15)
  5 tyrant leeches
  A merfolk (D:15)
  11 raiju (Abyss:2)
  27 blink frogs
  23 hornets
  37 tarantellas
  A slime creature (shapeshifter) (Zig:3)
  5 dream sheep
  A blink frog (shapeshifter) (Elf:1)
  30 jumping spiders
  3 shadows
  Sigmund (D:2)
  A jumping spider (shapeshifter) (Vaults:5)
  14 spriggans
  A vampire (Abyss:2)
  3 air elementals
  A culicivora (shapeshifter) (D:15)
  28 culicivoras
  3 flying skulls (Abyss:2)
  7 ynoxinuls (Abyss:2)
  9 large abominations (Abyss:2)
  4 water elementals
  6 wyverns
  A black mamba skeleton (Abyss:2)
  5 wraiths
  3 golden eyes
  2 fire bats (Abyss:2)
  40 yaks
  Grum (D:11)
  7 basilisks
  17 humans (D:14)
  2 steam dragons
  3 vampire mosquitoes (D:10)
  2 chaos spawn
  2 neqoxecs
  8 minotaur simulacra (IceCv)
  68 redbacks
  3 wargs
  4 harpy simulacra
  2 nagas (Abyss:2)
  13 swamp worms
  A swamp worm (shapeshifter) (D:15)
  2 acid dragons
  A floating eye (Depths:2)
  20 water moccasins
  7 swamp drakes
  3 ice beasts
  A sky beast (shapeshifter) (Abyss:2)
  3 black bears
  17 orc warriors
  An ettin simulacrum (IceCv)
  2 alligator simulacra (IceCv)
  A black bear (shapeshifter) (Elf:1)
  12 ogres
  A necrophage (D:8)
  24 wolves
  2 boggarts (Vaults:1)
  13 centaurs
  A phantom (D:6)
  3 kobold brigands
  A gnoll sergeant (D:8)
  2 scorpions (D:6)
  12 bullfrogs
  4 deep troll simulacra (IceCv)
  14 small abominations (Abyss:2)
  4 earth elementals
  A water moccasin skeleton (D:6)
  6 killer bees (D:10)
  A lindwurm simulacrum (IceCv)
  14 wights
  4 howler monkeys
  An electric eel (Spider:4)
  A bullfrog zombie (D:6)
  5 centaur zombies
  8 quasits (Abyss:2)
  16 orc priests
  Crazy Yiuf (D:3)
  A hound (D:4)
  9 jellies
  4 bullfrog skeletons
  7 iguanas
  3 iron imps (Abyss:2)
  Jessica (D:3)
  A centaur skeleton (D:7)
  Terence (D:2)
  35 orc wizards
  Natasha (thrice) (D:2)
  3 killer bee zombies
  A hound skeleton (D:4)
  Robin (D:2)
  A howler monkey zombie (D:9)
  4 gnolls (D:8)
  3 adders
  A howler monkey skeleton (D:4)
  A shadow imp (Abyss:2)
  3 white imps
  3 ufetubi (Abyss:2)
  3 adder skeletons (D:4)
  2 worms (D:3)
  5 dart slugs
  61 orcs
  25 endoplasms
  5 giant cockroaches
  12 goblins
  17 hobgoblins
  6 jackals
  8 quokkas
  6 ball pythons
  3 bats
  5 frilled lizards
  17 kobolds
  7 rats
  3 starspawn tentacles (Abyss:2)
2074 creatures vanquished.

Vanquished Creatures (others)
  A lich (Vaults:2)
  A deep elf death mage (Elf:3)
  25 dancing weapons
  A deep elf knight (Elf:2)
  A spriggan druid (Swamp:4)
  2 wizards (Vaults:1)
  A deep elf pyromancer (Elf:1)
  3 bloated husks
  A blink frog (Lair:6)
  A wraith (Abyss:2)
  2 golden eyes (Abyss:2)
  A briar patch (Swamp:4)
  A bush (Lair:6)
  24 foxfires
  64 fungi
  2 lurking horrors (Abyss:2)
  84 plants
  18 starspawn tentacles (Abyss:2)
233 creatures vanquished.

Grand Total: 2307 creatures vanquished

Notes
Turn   | Place    | Note
-------+----------+-------------------------------------------
     0 | D:1      | flotson the Demonspawn Gladiator began the quest for the
                  | Orb.
     0 | D:1      | Reached XP level 1. HP: 16/16 MP: 1/1
   157 | D:1      | Gained mutation: Spells you cast may paralyse adjacent
                  | enemies. [demonic ancestry]
   157 | D:1      | Reached XP level 2. HP: 19/22 MP: 2/2
   520 | D:1      | Gained mutation: You have a pair of small horns on your
                  | head. [demonic ancestry]
   520 | D:1      | Reached XP level 3. HP: 28/28 MP: 3/3
   638 | D:1      | Reached skill level 1 in Armour
   796 | D:2      | Noticed Sigmund
   837 | D:2      | Noticed Natasha
   844 | D:2      | Killed Natasha
   869 | D:2      | Noticed Terence
   880 | D:2      | Killed Terence
   881 | D:2      | Gained mutation: You are partially covered in icy blue
                  | scales. (AC +2) [demonic ancestry]
   881 | D:2      | Reached XP level 4. HP: 5/34 MP: 4/4
  1170 | D:2      | Noticed Robin
  1430 | D:2      | Killed Robin
  1557 | D:2      | Noticed Natasha
  1564 | D:2      | Killed Natasha
  1565 | D:2      | Reached XP level 5. HP: 24/40 MP: 5/5
  1586 | D:2      | Noticed Natasha
  1687 | D:2      | Killed Sigmund
  1688 | D:2      | Reached skill level 3 in Fighting
  1688 | D:2      | Reached skill level 1 in Shields
  1688 | D:2      | Reached XP level 6. HP: 24/47 MP: 6/6
  2154 | D:2      | Killed Natasha
  2805 | D:3      | Noticed Jessica
  2815 | D:3      | Killed Jessica
  2866 | D:3      | Found a runed translucent door.
  2867 | D:3      | Noticed Crazy Yiuf
  3355 | D:3      | Killed Crazy Yiuf
  3608 | D:4      | Reached XP level 7. HP: 36/53 MP: 7/7
  3800 | D:4      | Found a staircase to the Ecumenical Temple.
  4010 | Temple   | Entered the Ecumenical Temple
  4120 | Temple   | Became a worshipper of Gozag Ym Sagoz the Greedy
  4819 | D:5      | Entered Level 5 of the Dungeon
  4987 | D:5      | Reached skill level 4 in Fighting
  5301 | D:5      | Reached skill level 1 in Evocations
  5674 | D:5      | Identified the +2 robe of the Realm of Zot {rPois rF+
                  | Dex+4}
  5687 | D:5      | Noticed a hornet
  5691 | D:5      | Paralysed by a hornet for 1 turns
  5701 | D:5      | Paralysed by a hornet for 1 turns
  5703 | D:5      | Killed a hornet
  5704 | D:5      | Reached XP level 8. HP: 21/61 MP: 8/8
  7284 | D:6      | Reached skill level 5 in Axes
  7309 | D:6      | Reached skill level 5 in Fighting
  7534 | D:6      | Gained mutation: Spells you cast may paralyse nearby
                  | enemies. [demonic ancestry]
  7534 | D:6      | Reached XP level 9. HP: 42/64 MP: 9/9
  7906 | D:6      | Reached skill level 5 in Dodging
  9247 | D:8      | Found Qocvak's General Store.
  9255 | D:8      | Bought a scroll of identify for 24 gold pieces
  9352 | D:8      | Reached skill level 5 in Throwing
  9942 | D:8      | Found a shimmering blue altar of Sif Muna.
 10259 | D:9      | Found a staircase to the Orcish Mines.
 10282 | D:9      | Found the +8 orange crystal plate armour {Archmagi, Int+3
                  | Clar}
 10944 | D:9      | Reached XP level 10. HP: 66/76 MP: 10/10
 10997 | D:9      | Reached skill level 5 in Armour
 11050 | D:9      | Reached skill level 6 in Fighting
 11234 | D:9      | Found Syiq's General Store.
 11240 | D:9      | Bought a scroll of fog for 24 gold pieces
 11240 | D:9      | Bought a scroll of teleportation for 36 gold pieces
 11240 | D:9      | Bought a scroll of amnesia for 42 gold pieces
 11480 | D:9      | Noticed a two-headed ogre
 11489 | D:9      | Killed a two-headed ogre
 11490 | D:9      | Reached skill level 5 in Shields
 11621 | D:10     | Entered Level 10 of the Dungeon
 11622 | D:10     | Found the +8 demon blade "Leech" {vamp, Harm Drain rN+}
 11662 | D:10     | Noticed a two-headed ogre
 11673 | D:10     | Killed a two-headed ogre
 11757 | D:10     | Paralysed by a hornet for 2 turns
 11759 | D:10     | Paralysed by a hornet for 3 turns
 11764 | D:10     | Reached skill level 1 in Long Blades
 12217 | D:10     | Noticed a two-headed ogre
 12231 | D:10     | Killed a two-headed ogre
 12232 | D:10     | Reached skill level 5 in Evocations
 12640 | D:10     | Noticed a death yak
 12640 | D:10     | Noticed a death yak
 12745 | D:9      | Killed a death yak
 12767 | D:10     | Killed a death yak
 12768 | D:10     | Reached skill level 7 in Fighting
 12768 | D:10     | Gained mutation: You sometimes gain a little power by
                  | taking damage. [demonic ancestry]
 12768 | D:10     | Reached XP level 11. HP: 84/84 MP: 11/11
 12941 | D:10     | Noticed a two-headed ogre
 12947 | D:10     | Killed a two-headed ogre
 13072 | D:10     | Noticed a death yak
 13079 | D:10     | Noticed a death yak
 13080 | D:10     | Noticed a death yak
 13081 | D:10     | Noticed a death yak
 13087 | D:10     | Killed a death yak
 13091 | D:10     | Noticed a brown ugly thing
 13096 | D:10     | Killed a death yak
 13106 | D:10     | Killed a death yak
 13119 | D:10     | Killed a death yak
 13127 | D:10     | Killed a brown ugly thing
 13131 | D:10     | Found a staircase to the Lair.
 13292 | D:10     | Found a sacrificial altar of Ru.
 13319 | Lair:1   | Entered Level 1 of the Lair of Beasts
 13644 | Lair:1   | Reached skill level 8 in Fighting
 14588 | Lair:1   | Gained mutation: You have a pair of horns on your head.
                  | [demonic ancestry]
 14588 | Lair:1   | Reached XP level 12. HP: 93/93 MP: 12/12
 14656 | Lair:2   | Found a staircase to the Swamp.
 14749 | Lair:2   | Found a hole to the Spider Nest.
 15406 | Lair:2   | Reached skill level 5 in Long Blades
 15648 | Lair:3   | Noticed an eight-headed hydra
 15955 | Lair:3   | Identified a scroll of acquirement
 15956 | Lair:3   | Acquired the +2 hat "Sijetyss" {-Cast rElec Regen+ Dex-2}
 16750 | Lair:3   | Killed an eight-headed hydra
 16910 | Lair:4   | Reached skill level 9 in Fighting
 16962 | Lair:4   | Noticed a seven-headed hydra
 17006 | Lair:4   | Noticed a six-headed hydra
 17097 | Lair:4   | Killed a seven-headed hydra
 17170 | Lair:4   | Gained mutation: You sometimes gain power by taking damage.
                  | [demonic ancestry]
 17170 | Lair:4   | Reached XP level 13. HP: 101/101 MP: 13/13
 18583 | D:8      | Bought a scroll of summoning for 114 gold pieces
 19228 | Lair:6   | Entered Level 6 of the Lair of Beasts
 20113 | Lair:6   | Paralysed by a hornet for 3 turns
 20335 | Lair:6   | Reached skill level 10 in Fighting
 20348 | Lair:6   | Found a staircase to the Slime Pits.
 20553 | Lair:6   | Gained mutation: You are mostly covered in icy blue scales.
                  | (AC +3) [demonic ancestry]
 20553 | Lair:6   | Reached XP level 14. HP: 97/110 MP: 14/14
 21856 | D:11     | Noticed Psyche
 21860 | D:11     | Killed Psyche
 21924 | D:11     | Noticed Grum
 21929 | D:11     | Killed Grum
 23277 | D:13     | You fall into a shaft and drop 1 floor!
 23543 | D:14     | Found an ornate altar of the Wu Jian Council.
 23882 | D:13     | Found Deub's General Store.
 23890 | D:13     | Bought a potion of curing for 39 gold pieces
 23890 | D:13     | Bought a scroll of silence for 97 gold pieces
 24175 | D:13     | Reached skill level 10 in Dodging
 25188 | D:14     | Cast into level 2 of the Abyss (a wizard)
 25225 | Abyss:2  | Noticed a tentacled starspawn
 25282 | Abyss:2  | Found a corrupted altar of Lugonu.
 25422 | Abyss:2  | Noticed a profane servitor
 25555 | Abyss:2  | Found a corrupted altar of Lugonu.
 25578 | Abyss:2  | Noticed a starcursed mass
 25579 | Abyss:2  | Noticed a starcursed mass
 25614 | Abyss:2  | Noticed a starcursed mass
 25634 | Abyss:2  | Found a corrupted altar of Lugonu.
 25917 | Abyss:2  | Paralysed by an air elemental for 1 turns
 25919 | Abyss:2  | Paralysed by an air elemental for 1 turns
 26188 | Abyss:2  | Noticed a starcursed mass
 26443 | Abyss:2  | Noticed a starcursed mass
 26446 | Abyss:2  | Noticed a Hell Sentinel
 26560 | Abyss:2  | Noticed a tentacled starspawn
 26582 | Abyss:2  | Killed a tentacled starspawn
 26603 | Abyss:2  | Noticed a tentacled starspawn
 26632 | Abyss:2  | Killed a tentacled starspawn
 26640 | D:14     | Escaped the Abyss
 28900 | Orc:1    | Entered Level 1 of the Orcish Mines
 28916 | Orc:1    | Noticed Erica
 28923 | Orc:1    | Noticed Jorgrun
 29170 | D:14     | Reached skill level 11 in Fighting
 29189 | D:14     | Found a gate to the Vaults.
 29488 | D:15     | Entered Level 15 of the Dungeon
 29513 | D:15     | Reached skill level 10 in Long Blades
 29514 | D:15     | Gained mutation: Your hexes are more powerful. [demonic
                  | ancestry]
 29514 | D:15     | Reached XP level 15. HP: 118/118 MP: 13/13
 29709 | D:15     | Reached skill level 10 in Armour
 29899 | D:15     | Found a staircase to the Depths.
 30083 | D:15     | Reached skill level 10 in Shields
 30556 | D:9      | Killed Jorgrun
 30664 | Orc:1    | Killed Erica
 30878 | Orc:1    | Noticed Urug
 30890 | Orc:1    | Killed Urug
 31087 | Orc:2    | Entered Level 2 of the Orcish Mines
 31311 | Orc:2    | Found a staircase to the Elven Halls.
 31326 | Orc:2    | Found Lyxzuuc's Armour Boutique.
 31474 | Orc:2    | Found Sumemeaf's Antique Weapon Boutique.
 31525 | Orc:2    | Found a radiant altar of Vehumet.
 31635 | Orc:2    | Gained mutation: You tend to lose your temper in combat. [a
                  | neqoxec]
 31677 | Orc:2    | Paralysed by an orc sorcerer for 2 turns
 31679 | Orc:2    | Found an ancient bone altar of Kikubaaqudgha.
 31722 | Orc:2    | Found Cilash's Antique Weapon Shop.
 31791 | Orc:2    | Found Hegurywniu's Jewellery Shop.
 31833 | Orc:2    | Found Etulof's Magic Scroll Shop.
 32196 | Orc:2    | Bought a scroll of teleportation for 33 gold pieces
 32196 | Orc:2    | Bought a scroll of fog for 22 gold pieces
 32196 | Orc:2    | Bought a scroll of magic mapping for 38 gold pieces
 32196 | Orc:2    | Bought a scroll of fog for 22 gold pieces
 32196 | Orc:2    | Bought a scroll of fear for 38 gold pieces
 32425 | Orc:2    | Bought a +4 ring of evasion for 612 gold pieces
 32425 | Orc:2    | Bought an amulet of magic regeneration for 510 gold pieces
 32428 | Orc:2    | Bought an amulet of regeneration for 510 gold pieces
 32438 | Orc:2    | Bought a scroll of teleportation for 120 gold pieces
 32438 | Orc:2    | Bought a scroll of teleportation for 120 gold pieces
 32440 | Orc:2    | Bought a pair of embroidered boots for 202 gold pieces
 32440 | Orc:2    | Bought a pair of runed gloves for 202 gold pieces
 32528 | Orc:2    | Bought a potion of curing for 99 gold pieces
 32528 | Orc:2    | Bought a scroll labelled ROUMOI FONI for 33 gold pieces
 32528 | Orc:2    | Bought a scroll of blinking for 247 gold pieces
 32751 | Depths:1 | Entered Level 1 of the Depths
 32758 | Depths:1 | Noticed a frost giant
 32865 | D:15     | Killed a frost giant
 33068 | Swamp:1  | Entered Level 1 of the Swamp
 33190 | Swamp:1  | Acquired the amulet "Vargh" {Reflect rElec rN+ SH+5}
 33423 | Swamp:1  | Reached skill level 12 in Fighting
 33423 | Swamp:1  | Gained mutation: Spells you cast and wands you use may
                  | paralyse nearby enemies. [demonic ancestry]
 33423 | Swamp:1  | Reached XP level 16. HP: 127/127 MP: 16/16
 34497 | Swamp:3  | Found a sparkling altar of Nemelex Xobeh.
 34506 | Swamp:3  | Noticed a thorn hunter
 34521 | Swamp:3  | Killed a thorn hunter
 34935 | Swamp:4  | Entered Level 4 of the Swamp
 35017 | Swamp:4  | Got the Reference Book on Sinister Moulding
 35476 | Swamp:4  | Identified the +2 helmet of Polecono {+Inv}
 36650 | Swamp:4  | Noticed a thorn hunter
 36656 | Swamp:4  | Noticed a thorn hunter
 36707 | Swamp:4  | Killed a thorn hunter
 36782 | Swamp:4  | Killed a thorn hunter
 36965 | Swamp:4  | Got a decaying rune of Zot
 37090 | Spider:1 | Entered Level 1 of the Spider Nest
 37223 | Spider:1 | Reached XP level 17. HP: 125/135 MP: 17/17
 38074 | Spider:1 | Reached skill level 10 in Evocations
 38368 | Spider:2 | Reached skill level 10 in Throwing
 38666 | Spider:2 | Reached skill level 13 in Fighting
 38904 | Spider:2 | Noticed Frances
 38913 | Spider:2 | Killed Frances
 39868 | Spider:3 | Identified the +0 chain mail "Urugar" {rElec Str+4 Int-4}
 40309 | Spider:4 | Entered Level 4 of the Spider Nest
 40314 | Spider:4 | Identified the +1 scale mail of the Big Bang {Rampage rN+
                  | SInv}
 41121 | Spider:4 | Found the +6 lightning scales {swift, rElec}
 41197 | Spider:4 | Gained mutation: Your melee attacks may debilitate your
                  | foes. [demonic ancestry]
 41197 | Spider:4 | Reached XP level 18. HP: 144/144 MP: 18/18
 42185 | Spider:4 | Got a gossamer rune of Zot
 42596 | Vaults:1 | Entered Level 1 of the Vaults
 42688 | Vaults:1 | Found a gateway to a bazaar.
 42698 | Bazaar   | Entered a bazaar
 42698 | Bazaar   | Found Bazxoamn's General Store.
 42698 | Bazaar   | Found Ytsylofe's Antique Weapon Shop.
 42698 | Bazaar   | Found Lolojuetu's Magic Scroll Shoppe.
 42698 | Bazaar   | Found Ykhlady's Book Shop.
 42701 | Bazaar   | Found Hagell's Distillery.
 42702 | Bazaar   | Bought a potion of heal wounds for 65 gold pieces
 42702 | Bazaar   | Bought a scroll of teleportation for 39 gold pieces
 42702 | Bazaar   | Bought a wand of iceblast (8) for 156 gold pieces
 42705 | Bazaar   | Bought a scroll of fog for 20 gold pieces
 42705 | Bazaar   | Bought a scroll of blinking for 75 gold pieces
 42705 | Bazaar   | Bought a scroll of fear for 35 gold pieces
 42705 | Bazaar   | Bought a scroll of teleportation for 30 gold pieces
 42705 | Bazaar   | Bought a scroll of summoning for 95 gold pieces
 42708 | Bazaar   | Bought a potion of invisibility for 96 gold pieces
 42708 | Bazaar   | Bought a potion of haste for 120 gold pieces
 42708 | Bazaar   | Bought a potion of haste for 120 gold pieces
 42708 | Bazaar   | Bought a potion of cancellation for 96 gold pieces
 43355 | Vaults:1 | Noticed a tentacled monstrosity
 43388 | Vaults:1 | Killed a tentacled monstrosity
 43566 | Vaults:1 | Noticed Asterion
 43585 | Vaults:1 | HP: 6/145 [Executioner[Asterion] (2)]
 43888 | Vaults:1 | Killed Asterion
 44207 | Vaults:1 | Reached skill level 14 in Fighting
 44825 | Vaults:2 | Gained mutation: You are surrounded by an aura of silence.
                  | [demonic ancestry]
 44825 | Vaults:2 | Reached XP level 19. HP: 152/152 MP: 19/19
 44988 | Vaults:2 | Found a staircase to the Crypt.
 46526 | Elf:1    | Entered Level 1 of the Elven Halls
 46675 | Elf:1    | Identified the +0 robe "Xiwiuq" {rElec Str+3}
 46742 | Elf:1    | Got the Tome of Confrontation
 47103 | Elf:1    | Paralysed by an air elemental for 1 turns
 47108 | Elf:1    | Paralysed by an air elemental for 1 turns
 47642 | Elf:1    | Found Pyteokex's Book Emporium.
 47642 | Elf:1    | Found Ilixt's Book Emporium.
 47642 | Elf:1    | Found Hesmumn's Jewellery Shop.
 47882 | Elf:2    | Found a huge runed translucent gate.
 47882 | Elf:2    | Found a huge runed translucent gate.
 47883 | Elf:2    | Found a huge runed translucent gate.
 47883 | Elf:2    | Found a huge runed translucent gate.
 47891 | Elf:2    | Found a huge runed translucent gate.
 47951 | Elf:2    | Gained mutation: You have a pair of large horns on your
                  | head. [demonic ancestry]
 47951 | Elf:2    | Reached XP level 20. HP: 143/160 MP: 20/20
 48188 | Elf:2    | Identified the +7 mace of Purpose {elec, *Corrode rElec
                  | rN++ Int+2}
 48249 | Elf:2    | Reached skill level 15 in Fighting
 48386 | Elf:2    | Found Ogebb's Antique Weapon Boutique.
 49137 | Elf:3    | Entered Level 3 of the Elven Halls
 49202 | Elf:3    | Found a frozen archway.
 49209 | IceCv    | Entered an ice cave
 51280 | Elf:3    | Cast into level 2 of the Abyss (a deep elf sorcerer)
 51280 | Abyss:2  | Found a corrupted altar of Lugonu.
 51615 | Abyss:2  | Found a corrupted altar of Lugonu.
 52052 | Abyss:2  | Gained mutation: Your flesh is cold resistant. (rC+) [a
                  | neqoxec]
 52053 | Abyss:2  | Gained mutation: You are dopey. (Int -2) [a neqoxec]
 52110 | Abyss:2  | Found a shimmering altar of Xom.
 52635 | Elf:3    | Escaped the Abyss
 53172 | Elf:3    | Identified the amulet "Baulleju" {RegenMP rF+ rC+}
 53191 | Elf:3    | Identified the +1 robe of Watchfulness {rN+++ Will- SInv
                  | Stlth-}
 53191 | Elf:3    | Identified the amulet "Faziuc" {Acrobat rElec}
 53210 | Elf:3    | Identified the +6 morningstar of the Dwarven Hall {freeze,
                  | *Corrode rN++ Will+ Str+4}
 54235 | Vaults:3 | Identified the +1 ring mail "Sewutoy" {Harm rC- Str+3}
 54349 | Vaults:3 | Reached XP level 21. HP: 170/170 MP: 21/21
 54685 | Vaults:3 | Noticed Aizul
 54701 | Vaults:3 | Killed Aizul
 54947 | Vaults:3 | Reached skill level 16 in Fighting
 55912 | Elf:3    | Learned a level 4 spell: Animate Armour
 55918 | Elf:3    | Learned a level 5 spell: Summon Forest
 55924 | Elf:3    | Learned a level 5 spell: Summon Mana Viper
 55931 | Elf:3    | Learned a level 6 spell: Summon Cactus Giant
 56701 | Vaults:4 | Reached skill level 15 in Dodging
 56718 | Vaults:4 | Reached skill level 1 in Hexes
 56729 | Vaults:4 | Reached skill level 1 in Spellcasting
 57254 | Vaults:5 | Entered Level 5 of the Vaults
 57410 | Vaults:5 | Reached skill level 15 in Armour
 57779 | Vaults:5 | Got Alaykh's Volume of Unstable Shape Shifting
 57792 | Vaults:5 | Reached skill level 15 in Shields
 57808 | Vaults:5 | Got a silver rune of Zot
 57815 | Vaults:5 | Noticed a golden dragon
 57826 | Vaults:5 | Killed a golden dragon
 57980 | Vaults:5 | Found the +5 robe of Night {Dark Will+ SInv}
 58061 | Vaults:5 | Reached XP level 22. HP: 119/179 MP: 27/27
 58070 | Vaults:5 | Reached skill level 1 in Summonings
 58177 | Vaults:5 | Identified the ring of the Oligarchy {rElec rPois MP+9
                  | Str+6}
 58374 | Vaults:5 | Identified the +1 plate armour of True Grit {rElec Regen+
                  | Str+5 Stlth-}
 58478 | Vaults:5 | Identified the amulet of Ascent {Spirit Harm rF+ rCorr}
 58549 | Vaults:5 | Cast into level 2 of the Abyss (a deep elf sorcerer)
 58592 | Abyss:2  | Found a bloodstained altar of Trog.
 58880 | Abyss:2  | Found a corrupted altar of Lugonu.
 59008 | Vaults:5 | Escaped the Abyss
 59162 | Vaults:5 | Noticed a caustic shrike
 59162 | Vaults:5 | a caustic shrike changed into an iron dragon
 59170 | Vaults:5 | Noticed a golden dragon
 59170 | Vaults:5 | an acid blob changed into a golden dragon
 59175 | Vaults:5 | a golden dragon changed into an alligator snapping turtle
 59380 | Vaults:5 | Reached skill level 5 in Spellcasting
 59393 | Vaults:5 | Got the Grimoire of Enchanting Fire
 59451 | Vaults:5 | Got the Grimoire of the Endless Emperors
 59452 | Vaults:5 | Noticed a golden dragon
 59453 | Vaults:5 | Identified the +13 plate armour "Ifidyal" {+Blink rElec
                  | Will+}
 59464 | Vaults:5 | Killed a golden dragon
 60034 | Slime:1  | Entered Level 1 of the Pits of Slime
 60075 | Slime:1  | Gained mutation: You sometimes lose the ability to read
                  | scrolls when taking damage. [a shining eye]
 60078 | Slime:1  | Gained mutation: Armour fits poorly on your strangely
                  | shaped body. [a shining eye]
 60429 | Slime:5  | Entered Level 5 of the Pits of Slime
 60553 | Slime:5  | Reached skill level 17 in Fighting
 60618 | Slime:5  | Found a viscous altar of Jiyva.
 60619 | Slime:5  | Noticed the Royal Jelly
 61375 | Slime:4  | Gained mutation: Your spells are a little easier to cast,
                  | but a little less powerful. [a shining eye]
 61718 | Slime:2  | Gained mutation: Your spells are easier to cast, but less
                  | powerful. [a shining eye]
 61736 | Slime:2  | Lost mutation: Your spells are easier to cast, but less
                  | powerful. [potion of mutation]
 61736 | Slime:2  | Lost mutation: You are dopey. (Int -2) [potion of mutation]
 61736 | Slime:2  | Lost mutation: Your flesh is cold resistant. (rC+) [potion
                  | of mutation]
 61736 | Slime:2  | Gained mutation: You have supernaturally acute eyesight.
                  | (SInv) [potion of mutation]
 61736 | Slime:2  | Gained mutation: You have hidden genetic potential. [potion
                  | of mutation]
 61736 | Slime:2  | Gained mutation: You have a beak for a mouth. [potion of
                  | mutation]
 61737 | Slime:2  | Lost mutation: You sometimes lose the ability to read
                  | scrolls when taking damage. [potion of mutation]
 61737 | Slime:2  | Lost mutation: You have a beak for a mouth. [potion of
                  | mutation]
 61737 | Slime:2  | Lost mutation: You have hidden genetic potential. [potion
                  | of mutation]
 61737 | Slime:2  | Gained mutation: Your mind is acute. (Int +2) [potion of
                  | mutation]
 61737 | Slime:2  | Lost mutation: Your spells are a little easier to cast, but
                  | a little less powerful. [potion of mutation]
 61738 | Slime:2  | Lost mutation: You have supernaturally acute eyesight.
                  | (SInv) [potion of mutation]
 61738 | Slime:2  | Lost mutation: Armour fits poorly on your strangely shaped
                  | body. [potion of mutation]
 61738 | Slime:2  | Lost mutation: You tend to lose your temper in combat.
                  | [potion of mutation]
 61738 | Slime:2  | Gained mutation: You are somewhat resistant to further
                  | mutation. [potion of mutation]
 62026 | Slime:3  | Lost mutation: Your mind is acute. (Int +2) [a shining eye]
 62436 | Slime:4  | Reached skill level 5 in Summonings
 63496 | Slime:5  | Killed the Royal Jelly
 63497 | Slime:5  | Gained mutation: You are completely covered in icy blue
                  | scales. (AC +4, rC+) [demonic ancestry]
 63497 | Slime:5  | Reached XP level 23. HP: 64/188 MP: 17/32
 64048 | Slime:5  | Identified the +4 leather armour of the Hall of Blades
                  | {+Blink Regen+ Stlth+}
 64053 | Slime:5  | Identified the +5 scale mail of Fallacy {Drain rC+ SInv}
 64066 | Slime:5  | Got a slimy rune of Zot
 64073 | Slime:5  | Got Sif Muna's Almanac of the Traveller and Confrontation
 64180 | Slime:5  | Learned a level 3 spell: Summon Guardian Golem
 64184 | Slime:5  | Learned a level 3 spell: Call Canine Familiar
 64186 | Slime:5  | Learned a level 1 spell: Summon Small Mammal
 64189 | Slime:5  | Learned a level 2 spell: Call Imp
 65214 | Depths:1 | Found a one-way gate leading to the halls of Pandemonium.
 65467 | Depths:1 | Found a gateway to Hell.
 66141 | Depths:2 | Reached skill level 1 in Earth Magic
 66154 | Depths:2 | Reached skill level 1 in Translocations
 66285 | Depths:2 | Learned a level 7 spell: Summon Hydra
 66420 | Depths:2 | Paralysed by a floating eye for 4 turns
 66427 | Depths:2 | Paralysed by a floating eye for 4 turns
 66454 | Depths:2 | Found Inkup's Antique Armour Boutique.
 66461 | Depths:2 | Bought a shiny kite shield for 360 gold pieces
 66655 | Depths:2 | Found a snail-covered altar of Cheibriados.
 66728 | Depths:2 | Found a one-way gateway to a ziggurat.
 66769 | Zig:1    | Entered Level 1 of a ziggurat
 66799 | Zig:2    | Entered Level 2 of a ziggurat
 66924 | Zig:3    | Entered Level 3 of a ziggurat
 66930 | Zig:3    | Noticed a Killer Klown
 66947 | Zig:3    | Killed a Killer Klown
 66971 | Zig:4    | Entered Level 4 of a ziggurat
 66985 | Zig:4    | Identified the +7 quarterstaff of the Volcano {protect,
                  | rElec rPois rN+}
 66986 | Zig:4    | Slain by an iron golem

Illustrated notes

Levels and vault maps discovered:
D:1:      scummos_arrival_simple_fountains, layout_rooms
D:2:      layout_rooms, uniq_natasha, uniq_robin, uniq_terence, uniq_sigmund
D:3:      layout_basic, minmay_joined_circles, uniq_crazy_yiuf_cottage,
          uniq_jessica
D:4:      layout_basic, minmay_temple_entry_glassed_door
D:5:      layout_cave_pods, grunt_ministairs_12
D:6:      layout_basic, kennysheep_generic_room_6
D:7:      layout_rooms, chequers_serial_rivers_room_a
D:8:      layout_basic, kennysheep_flooded_box, nicolae_stop_n_shop_1,
          serial_park_tiny_pond
D:9:      layout_irregular_city, david_orc_2, serial_shops,
          kennysheep_little_box
D:10:     layout_basic, nicolae_ru_path_of_blood, dpeg_lair_monsters,
          dreamdust_deal_with_the_devil, kennysheep_small_circle
D:11:     layout_roguey, uniq_psyche, uniq_grum
D:12:     layout_stronghold
D:13:     layout_loops_ring, serial_shops, nicolae_shop_advertising_works
          [nicolae_subvault_shop_adworks]
D:14:     layout_loops_corners, grunt_vaults_entry_tiered,
          pdpol_wu_jian_five_deadly_venoms
D:15:     hangedman_depths_entry_try_elsewhere_first, layout_irregular_city,
          hangedman_decor_diamond_cutter
Temple:   kilobyte_greek_temple
Lair:1:   layout_loops_ring, grunt_megastairs_1
Lair:2:   layout_concentric_octagons, swamp_mist, spider_nest_entry_rubble
Lair:3:   layout_cave_pods
Lair:4:   layout_cave_shapes, st_stairs_10, chequers_serial_rivers_micro_d
Lair:5:   lemuel_slime, layout_regular_city, lemuel_fruit_tree
Lair:6:   hangedman_lair_tendril_chambers, layout_cave_pods,
          guppyfry_lair_end_dragon, nicolae_slime_entry_slimehenge, dpeg_oklob_1
Swamp:1:  layout_basic_swamp, nicolae_swamp_well_well_well
Swamp:2:  layout_basic_swamp, serial_swamp_ruin, evilmike_swamp_ruin_house_3,
          hangedman_swamp_ruin_wall, evilmike_swamp_ruin_rubble_1
Swamp:3:  layout_basic_swamp, basic_altar, swamp_pool4
Swamp:4:  swamp_basic_johnstein, layout_basic_swamp
Spider:1: layout_spider_delve
Spider:2: layout_cave_pods, nicolae_spider_cling_halls,
          hangedman_spider_tarantella_strand, uniq_frances
Spider:3: layout_spider_delve
Spider:4: spider_rune_water, guppyfry_spider_mini_1
Slime:1:  layout_caves
Slime:2:  layout_caves, nicolae_slime_round_cave
Slime:3:  layout_caves
Slime:4:  layout_caves
Slime:5
Orc:1:    layout_caves, uniq_jorgrun, uniq_erica, uniq_urug
Orc:2:    kennysheep_orc_mage_school, layout_caves, serial_shops, shop_statue
Elf:1:    elf_arrival_001, layout_geoelf_diagonals, minmay_elf_annihilation,
          columned_hall_lemuel, minivault_16, minmay_misc_feat_alley,
          minmay_shop_grove
Elf:2:    elven_hall_of_blades_hangedman_alternative
          [nicolae_blade_entry_crossed_weapons], layout_gridlike, serial_shops,
          shop, patterned_corridor, grunt_megastairs_4
Elf:3:    minmay_elf_hall_spiked, layout_geoelf_castle,
          portal_ice_cave_entry_ugly_swarm
Vaults:1: v_misc_10, nicolae_vaults_quartermaster, v_pattern_1,
          hangedman_vaults_snaps, vaults_room_semicircle,
          nicolae_vaults_angled_halls, dpeg_vaults_monster_box,
          layout_vaults_omnigrid, serial_shops, statue_bzr, uniq_asterion
Vaults:2: ontoclasm_vaults_bender, ontoclasm_vaults_twist, st_lines,
          hangedman_vaults_pinch, v_alt_pattern_3, grunt_vaults_diagonal,
          v_alt_pattern_1, nicolae_vaults_arrows, v_misc_17, grunt_vaults_swirl,
          vaults_room_boxed, vaults_room_stairs_pillars, v_alt_pattern_6,
          grunt_vaults_hallway_short, vaults_dpeg_ring, layout_vaults_omnibox,
          minmay_crypt_entry_simple_corners
Vaults:3: v_misc_14, vaults_standard_mumra_enter_the_diamond, v_rooms_3,
          hangedman_vaults_corner_blocks, vaults_dpeg_doors, v_misc_9,
          nicolae_vaults_network_quincunx
          [nicolae_vaults_network_quincunx_subvault,
          nicolae_vaults_network_quincunx_subvault,
          nicolae_vaults_network_quincunx_subvault,
          nicolae_vaults_network_quincunx_subvault,
          nicolae_vaults_network_quincunx_subvault], v_rooms_1, v_misc_9,
          nicolae_vaults_rhombus_6, layout_vaults_omnicross, uniq_aizul
Vaults:4: vaults_dpeg_diagonal, vaults_room_fours, nicolae_vaults_network_star,
          nicolae_vaults_network_s, grunt_vaults_funnel,
          nicolae_vaults_little_ls, vaults_mumra_chevron, v_misc_1,
          vaults_room_fancy_cross, nicolae_vaults_alarming, vaults_dpeg_hooks,
          vaults_room_pools, layout_vaults_big_room
Vaults:5: serial_shops
Depths:1: layout_cave_shapes, rand_demon_pan_entry_7, hell_entry,
          nicolae_tso_swordbearing_angel, corexii_hall_statues_l,
          kennysheep_opposing_triangles
Depths:2: minmay_four_inscribed_fans, layout_gridlike, enter_ziggurat_c,
          rand_demon_pan_entry_3, cheibriados_altar_1, hell_entry, serial_shops,
          nicolae_shop_overgrown_old_shop
Zig:4

Skill      XL: |  1  2  3  4  5  6  7  8  9 10 11 12 13 14 15 16 17 18 19 20 21 22 23 |
---------------+----------------------------------------------------------------------+-----
Throwing       | 2 3 4 5 6 7 8 9 10 11 12 13 | 13.7
Dodging        | 3 4 5 6 7 8 9 10 11 12 13 14 15 16 | 16.5
Axes           | 3 4 5 6 |  6.1
Armour         | 1 2 3 4 6 7 8 9 10 11 12 13 14 15 16 | 16.3
Fighting       | 3 4 5 7 8 9 10 11 12 13 14 15 16 17 | 17.7
Shields        | 1 2 3 4 5 6 7 8 9 10 11 12 13 14 15 16 | 16.1
Evocations     | 1 2 4 5 7 8 9 10 11 12 13 | 13.9
Long Blades    | 2 4 5 7 10 11 12 13 14 | 14.0
Hexes          | 4 |  4.8
Spellcasting   | 3 6 7 |  7.4
Summonings     | 5 6 |  6.9
Earth Magic    | 2 |  2.0
Translocations | 1 |  1.9

Action                   |  1- 3 |  4- 6 |  7- 9 | 10-12 | 13-15 | 16-18 | 19-21 | 22-24 || total
-------------------------+-------+-------+-------+-------+-------+-------+-------+-------++-------
Melee: War axe           |    95 |   160 |   235 |       |       |       |       |       ||   490
       Punch             |     3 |       |       |       |       |       |       |       ||     3
       Headbutt          |     4 |    29 |    98 |   127 |   339 |   404 |   584 |   483 ||  2068
       Morningstar       |       |       |   228 |    77 |       |       |       |       ||   305
       Demon blade       |       |       |       |   475 |  1548 |  1594 |  2012 |  1340 ||  6969
Throw: Javelin           |       |     2 |       |     4 |     5 |       |    26 |    12 ||    49
       Throwing net      |       |     2 |     1 |       |     1 |     1 |       |       ||     5
       Dart              |       |     1 |     8 |    12 |     1 |       |       |       ||    22
       Boomerang         |       |       |       |     5 |    19 |   142 |       |       ||   166
Invok: Call Merchant     |       |       |       |       |     4 |       |       |     1 ||     5
       Potion Petition   |       |       |       |       |       |     1 |       |    10 ||    11
 Abil: Evoke Blink       |       |       |       |       |       |       |       |    12 ||    12
       End Transformatio |       |       |       |       |       |       |       |     2 ||     2
Evoke: Wand              |       |       |       |     4 |    20 |     8 |       |     2 ||    34
  Use: Scroll            |       |       |     9 |    15 |    13 |     4 |     1 |     4 ||    46
       Potion            |       |       |       |       |    12 |     7 |       |     6 ||    25
 Stab: Sleeping          |       |       |     4 |       |       |       |       |       ||     4
       Distracted        |       |       |       |     4 |     6 |    12 |    34 |    17 ||    73
       Paralysed         |       |       |       |       |       |     2 |       |       ||     2
Armor: Ring mail         |    43 |    73 |    75 |       |       |       |       |       ||   191
       Skin              |       |     5 |       |       |       |       |       |    23 ||    28
       Robe              |       |       |   165 |       |       |       |       |       ||   165
       Crystal plate arm |       |       |    12 |   538 |  1143 |  1288 |   736 |   113 ||  3830
       Ice dragon scales |       |       |       |       |       |       |    38 |       ||    38
       Plate armour      |       |       |       |       |       |       |       |   490 ||   490
Dodge: Dodged            |    59 |    52 |   219 |    72 |   354 |   572 |   549 |   700 ||  2577
Block: Tower shield      |     6 |   119 |   438 |   559 |  1324 |  2005 |  1477 |       ||  5928
       Reflection        |       |       |       |       |       |    20 |    94 |    14 ||   128
       Kite shield       |       |       |       |       |       |       |   248 |   757 ||  1005

Table legend: (Time is in decaauts)
 A = Elapsed time spent in this place.
 B = Non-inter-level travel time spent in this place.
 C = Inter-level travel time spent in this place.
 D = Time resting spent in this place.
 E = Time spent auto-exploring this place.
 F = Levels seen in this place.
 G = Mean time per level.
                   A        B        C        D        E       F      G
               +--------+--------+--------+--------+--------+-----+--------+
         Total |  67299 |  61325 |   5974 |   7292 |  38256 |  56 | 1201.8 |
       Dungeon |  23256 |  20671 |   2585 |   3888 |  12652 |  15 | 1550.4 |
        Temple |    144 |    110 |     34 |      0 |    102 |   1 |  144.0 |
          Lair |   8859 |   7772 |   1087 |    686 |   5004 |   6 | 1476.5 |
         Swamp |   4026 |   3712 |    314 |    368 |   2381 |   4 | 1006.5 |
   Spider Nest |   5222 |   4953 |    269 |     99 |   3401 |   4 | 1305.5 |
    Slime Pits |   4428 |   4305 |    123 |    472 |   2680 |   5 |  885.6 |
  Orcish Mines |   2251 |   1830 |    421 |     37 |   1170 |   2 | 1125.5 |
   Elven Halls |   4518 |   4074 |    444 |     93 |   2694 |   3 | 1506.0 |
        Vaults |   8056 |   7394 |    662 |    114 |   5089 |   5 | 1611.2 |
        Depths |   1646 |   1614 |     32 |      0 |   1152 |   2 |  823.0 |
         Abyss |   3207 |   3207 |      0 |   1325 |    870 |   3 | 1069.0 |
      Ziggurat |    204 |    204 |      0 |      0 |     95 |   4 |   51.0 |
        Bazaar |     48 |     48 |      0 |      0 |     36 |   1 |   48.0 |
      Ice Cave |   1428 |   1428 |      0 |    209 |    928 |   1 | 1428.0 |
               +--------+--------+--------+--------+--------+-----+--------+

Top non-repeatable levels by time:
 Abyss:2: 3207 daAuts
    D:13: 3125 daAuts
  Lair:6: 2486 daAuts
    D:10: 2259 daAuts
    D:14: 1989 daAuts
Vaults:2: 1912 daAuts
     D:5: 1898 daAuts
Vaults:1: 1893 daAuts
Vaults:5: 1815 daAuts
Spider:4: 1775 daAuts
     D:6: 1695 daAuts
     D:9: 1664 daAuts
   Elf:3: 1644 daAuts
   Orc:2: 1635 daAuts
   Elf:2: 1606 daAuts
